 Dungeon Crawl Stone Soup version 0.30-a0-170-g85af917532 (webtiles) character file.

Game seed: 1952145508500732914

970 qw the Chopper (level 8, -2/49 HPs)
             Began as a Gargoyle Fighter on Sept 30, 2022.
             Splashed by a jelly's acid (7 damage)
             ... on level 5 of the Dungeon.
             The game lasted 00:01:45 (5112 turns).

qw the Chopper (Gargoyle Fighter)                   Turns: 5112, Time: 00:01:46

Health: -2/49      AC:  2    Str: 22      XL:     8   Next: 16%
Magic:  8/8        EV:  7    Int:  8 (9)  God:
Gold:   263        SH:  9    Dex:  9      Spells: 7/7 levels left

rFire   + . .      SeeInvis .    Y - +1 war axe
rCold   + . .      Faith    .    c - +0 buckler
rNeg    + . .      Spirit   .    j - +0 chain mail
rPois   inf        Reflect  +    (no helmet)
rElec   +          Harm     .    l - scarf {rC+ rF+}
rCorr   .          Rampage  .    (no gloves)
Will    .....                    (no boots)
Stlth   ..........               h - amulet of reflection
HPRegen 0.16/turn                (no ring)
MPRegen 0.11/turn                (no ring)

@: corroded
A: sickness immunity, AC +5, negative energy resistance 1, electricity
resistance, torment resistance 1, petrification resistance
a: no special abilities


You were on level 5 of the Dungeon.
You visited 1 branch of the dungeon, and saw 5 of its levels.

You collected 263 gold pieces.


Innate Abilities, Weirdness & Mutations

You are immune to sickness and miasma.
Your stone body is resilient. (AC +5)
You are immune to poison.
You resist negative energy. (rN+)
You are resistant to electric shocks. (rElec)
You are resistant to unholy torment.
You are immune to petrification.


   Skills:
 - Level 5.0 Fighting
 + Level 7.6 Axes
 - Level 1.3 Throwing
 - Level 3.2 Armour
 - Level 1.0 Dodging
 - Level 3.2 Shields


You had 7 spell levels left.
You didn't know any spells.
Your spell library was empty.

Inventory:

Hand Weapons
 b - a +0 flail
 Y - a +1 war axe (weapon)
Missiles
 e - a boomerang (quivered)
Armour
 c - a +0 buckler (worn)
 j - a +0 chain mail (worn)
 l - a scarf of resistance (worn)
 m - a +0 cloak
Jewellery
 f - a ring of fire
 h - an amulet of reflection (around neck)
Scrolls
 n - a scroll of identify
 o - a scroll of vulnerability {unknown}
Potions
 a - 2 potions of haste
 d - a potion of might
 g - a potion of attraction
 i - a potion of lignification
 k - a potion of curing

Dungeon Overview and Level Annotations

Branches:
Dungeon (5/15)
 Temple: D:4-7

Altars:
Fedhas
Hepliaklqana
Makhleb
Zin

Shops:
D:1 ?

Annotations:
D:2 1 runed translucent door, Crazy Yiuf
D:3 3 runed translucent doors, qw's ghost, amateur GrFi


Message History

You feel your strength returning.
You slash the iguana!
The iguana is moderately wounded.
The iguana barely misses you.
A jelly comes into view.
The ufetubus hits you but does no damage.
The ufetubus barely misses you.
You slash the iguana!
You kill the iguana!
You hit the jelly.
Your hands burn!
You barely miss the ufetubus. You block the jelly's attack.
An orc comes into view. It is wielding a +0 club.
You block the ufetubus's attack.
The ufetubus hits you but does no damage.
You hit the jelly.
Your hands burn!
The jelly is moderately wounded.
You slash the ufetubus!
You kill the ufetubus!
The jelly completely misses you.
The jelly hits you but does no damage. x2
You barely miss the jelly.
The jelly is moderately wounded.
You hit the jelly.
Your hands burn!
The jelly hits you but does no damage. x2
You slash the jelly! The acid corrodes you!
Your hands burn!
The jelly is almost dead.
You slash the orc!
You kill the orc!
You slash the jelly!
Your hands burn!
The sentinel's mark upon you fades away.
The jelly hits you but does no damage. x2
You hit the jelly but do no damage. The acid corrodes you!
Your hands burn!
The jelly is almost dead.
You hit the jelly. The acid corrodes you!
Your hands burn!
The jelly hits you but does no damage. The jelly hits you.
The acid corrodes you!
You are splashed with acid!
You hit the jelly.
You kill the jelly!
You hit the jelly but do no damage.
Your hands burn!
The jelly hits you.
You are splashed with acid!
You die...

#. ####. #. ....
#.. ... #..# ..#
#..##..# ###
#......#....
######...........
.........@J.#
>.......%)..#
............# #
..##..##### ## #. .
#..##..# ##8#
#.#+###...#..##8...
#.....#...l..##....
#.....#####5.#_....
#............##....


You could see a jelly.

Vanquished Creatures
  A water moccasin (D:4)
  An ogre (D:4)
  2 phantoms
  2 howler monkeys (D:4)
  4 hounds
  2 jellies
  3 orc priests
  Terence (D:2)
  2 iguanas
  Natasha (thrice) (D:2)
  An orc wizard (D:4)
  2 adders
  A shadow imp (D:5)
  2 ufetubi
  4 worms
  12 orcs
  4 ball pythons
  4 bats (D:2)
  7 endoplasms
  5 giant cockroaches
  8 goblins
  6 hobgoblins
  5 jackals
  4 quokkas
  4 frilled lizards
  4 kobolds
  4 rats
98 creatures vanquished.

Notes
Turn   | Place    | Note
-------+----------+-------------------------------------------
     0 | D:1      | qw the Gargoyle Fighter began the quest for the Orb.
     0 | D:1      | Reached XP level 1. HP: 14/14 MP: 1/1
     0 | D:1      | 0 ||| qw: Version: 0.2-a-12-gaebbb33
     0 | D:1      | 0 ||| qw: Game counter: 1600
     0 | D:1      | 0 ||| qw: Always use a shield: true
     0 | D:1      | 0 ||| qw: God list: Okawaru
     0 | D:1      | 0 ||| qw: Allow faded altars: false
     0 | D:1      | 0 ||| qw: Do Orc after D:15 true
     0 | D:1      | 0 ||| qw: Do second Lair branch before Depths: true
     0 | D:1      | 0 ||| qw: Lair rune preference: random
     0 | D:1      | 0 ||| qw: Plans: Normal, Zot:1-4, God:TSO, Crypt, Tomb,
                  | Pan, Slime:5, Hells, Abyss, Orb
     0 | D:1      | 0 ||| PLANNING D:1-11
    42 | D:1      | Reached skill level 2 in Axes
   130 | D:1      | Reached XP level 2. HP: 19/19 MP: 2/2
   313 | D:1      | 313 ||| Stepping ~*~*~tactically~*~*~ (stealth).
   339 | D:1      | 339 ||| Stepping ~*~*~tactically~*~*~ (stealth).
   774 | D:1      | Reached skill level 3 in Axes
   841 | D:1      | Found a faded altar of an unknown god.
  1085 | D:1      | Reached XP level 3. HP: 23/23 MP: 3/3
  1215 | D:1      | 1215 ||| DROPPING +0 club.
  1221 | D:1      | Found Oxtaes's Magic Scroll Boutique.
  1230 | D:1      | 1230 ||| SHOPLISTING scroll of enchant armour (105 gold,
                  | have 27).
  1230 | D:1      | 1230 ||| SHOPLISTING scroll of identify (28 gold, have 27).
  1230 | D:1      | 1230 ||| SHOPLISTING scroll of teleportation (42 gold, have
                  | 27).
  1289 | D:1      | 1289 ||| UPGRADING to amulet of reflection.
  1294 | D:1      | 1294 ||| READING scroll labelled FANUPHUCAMM.
  1314 | D:2      | 1314 ||| STAIRDANCE
  1323 | D:2      | 1323 ||| STAIRDANCE
  1329 | D:2      | 1329 ||| STAIRDANCE
  1428 | D:2      | Noticed Terence
  1439 | D:2      | Killed Terence
  1440 | D:2      | Reached XP level 4. HP: 17/28 MP: 4/4
  1810 | D:2      | Reached skill level 4 in Axes
  1899 | D:2      | Noticed Natasha
  1905 | D:2      | Killed Natasha
  1957 | D:2      | 1957 ||| Stepping ~*~*~tactically~*~*~ (stealth).
  2071 | D:2      | Noticed Natasha
  2078 | D:2      | Killed Natasha
  2079 | D:2      | Reached XP level 5. HP: 27/32 MP: 5/5
  2107 | D:2      | 2107 ||| Stepping ~*~*~tactically~*~*~ (stealth).
  2107 | D:2      | Noticed Natasha
  2108 | D:2      | 2108 ||| Stepping ~*~*~tactically~*~*~ (stealth).
  2115 | D:2      | Killed Natasha
  2248 | D:2      | Found a runed translucent door.
  2249 | D:2      | Noticed Crazy Yiuf
  2580 | D:2      | 2580 ||| UPGRADING to +0 chain mail.
  2590 | D:2      | 2590 ||| DROPPING +0 scale mail.
  2591 | D:2      | 2591 ||| READING scroll labelled TUCORGH MUNNOIT.
  2592 | D:2      | 2592 ||| READING 2 scrolls labelled AKHA DEGEJ.
  2724 | D:3      | Found a runed translucent gate.
  2724 | D:3      | Found a runed translucent gate.
  2724 | D:3      | Found a runed translucent gate.
  2728 | D:3      | Noticed qw's ghost (amateur GrFi)
  2884 | D:3      | 2884 ||| Stepping ~*~*~tactically~*~*~ (stealth).
  2886 | D:3      | 2886 ||| Stepping ~*~*~tactically~*~*~ (hiding).
  2893 | D:3      | Reached skill level 5 in Axes
  3296 | D:3      | 3296 ||| Stepping ~*~*~tactically~*~*~ (hiding).
  3382 | D:3      | 3382 ||| UPGRADING to scarf of resistance.
  3387 | D:3      | 3387 ||| READING scroll labelled TUIRRYOPIYQ.
  3388 | D:3      | 3388 ||| DRINKING 3 viscous orange potions.
  3389 | D:3      | 3389 ||| DRINKING 2 viscous silvery potions.
  3460 | D:3      | 3460 ||| DRINKING 2 smoky inky potions.
  3461 | D:3      | 3461 ||| READING 3 scrolls of identify.
  3461 | D:3      | 3461 ||| IDENTIFYING viscous brown potion
  3462 | D:3      | 3462 ||| READING 2 scrolls of identify.
  3462 | D:3      | 3462 ||| IDENTIFYING clear potion
  3463 | D:3      | 3463 ||| DROPPING potion of brilliance.
  3477 | D:4      | 3477 ||| PLANNING OSSUARY
  3536 | D:4      | Noticed a phantom
  3547 | D:4      | Reached XP level 6. HP: 35/38 MP: 6/6
  3622 | D:4      | 3622 ||| Stepping ~*~*~tactically~*~*~ (hiding).
  3652 | D:4      | 3652 ||| Stepping ~*~*~tactically~*~*~ (stealth).
  3653 | D:4      | 3653 ||| Stepping ~*~*~tactically~*~*~ (stealth).
  3687 | D:4      | Found a hazy altar of Hepliaklqana.
  3858 | D:4      | 3858 ||| Stepping ~*~*~tactically~*~*~ (stealth).
  3890 | D:4      | Reached skill level 6 in Axes
  3966 | D:4      | 3966 ||| Stepping ~*~*~tactically~*~*~ (stealth).
  3978 | D:4      | Reached skill level 1 in Dodging
  4011 | D:4      | Noticed a water moccasin
  4025 | D:4      | Killed a water moccasin
  4026 | D:4      | Reached XP level 7. HP: 26/43 MP: 7/7
  4028 | D:4      | 4028 ||| FLEEEEING.
  4031 | D:4      | 4031 ||| FLEEEEING.
  4032 | D:4      | 4032 ||| FLEEEEING.
  4033 | D:4      | 4033 ||| FLEEEEING.
  4034 | D:4      | 4034 ||| FLEEEEING.
  4035 | D:4      | 4035 ||| FLEEEEING.
  4036 | D:4      | 4036 ||| FLEEEEING.
  4037 | D:4      | 4037 ||| FLEEEEING.
  4038 | D:4      | 4038 ||| FLEEEEING.
  4039 | D:4      | 4039 ||| FLEEEEING.
  4040 | D:4      | 4040 ||| FLEEEEING.
  4042 | D:4      | 4042 ||| FLEEEEING.
  4043 | D:4      | 4043 ||| FLEEEEING.
  4044 | D:4      | 4044 ||| FLEEEEING.
  4045 | D:4      | 4045 ||| FLEEEEING.
  4046 | D:4      | 4046 ||| FLEEEEING.
  4047 | D:4      | 4047 ||| FLEEEEING.
  4048 | D:4      | 4048 ||| FLEEEEING.
  4049 | D:4      | 4049 ||| FLEEEEING.
  4051 | D:4      | 4051 ||| FLEEEEING.
  4052 | D:4      | 4052 ||| FLEEEEING.
  4053 | D:4      | 4053 ||| FLEEEEING.
  4054 | D:4      | 4054 ||| FLEEEEING.
  4055 | D:4      | 4055 ||| FLEEEEING.
  4056 | D:4      | 4056 ||| FLEEEEING.
  4057 | D:4      | 4057 ||| FLEEEEING.
  4058 | D:4      | 4058 ||| FLEEEEING.
  4059 | D:4      | 4059 ||| FLEEEEING.
  4060 | D:4      | 4060 ||| FLEEEEING.
  4061 | D:4      | 4061 ||| FLEEEEING.
  4062 | D:4      | 4062 ||| FLEEEEING.
  4063 | D:4      | 4063 ||| FLEEEEING.
  4064 | D:4      | 4064 ||| FLEEEEING.
  4065 | D:4      | 4065 ||| FLEEEEING.
  4066 | D:4      | 4066 ||| FLEEEEING.
  4067 | D:4      | 4067 ||| FLEEEEING.
  4068 | D:4      | 4068 ||| FLEEEEING.
  4070 | D:4      | 4070 ||| FLEEEEING.
  4071 | D:4      | 4071 ||| FLEEEEING.
  4072 | D:4      | 4072 ||| FLEEEEING.
  4073 | D:4      | 4073 ||| FLEEEEING.
  4074 | D:4      | 4074 ||| FLEEEEING.
  4075 | D:4      | 4075 ||| FLEEEEING.
  4076 | D:4      | 4076 ||| FLEEEEING.
  4077 | D:4      | 4077 ||| FLEEEEING.
  4078 | D:4      | 4078 ||| FLEEEEING.
  4079 | D:4      | 4079 ||| FLEEEEING.
  4080 | D:4      | 4080 ||| STAIRDANCE
  4154 | D:3      | 4154 ||| DROPPING ring of magical power.
  4155 | D:3      | 4155 ||| DRINKING 2 black potions.
  4156 | D:3      | 4156 ||| DROPPING potion of degeneration.
  4173 | D:4      | 4173 ||| STAIRDANCE
  4238 | D:4      | 4238 ||| RIP OSSUARY
  4248 | D:4      | 4248 ||| PLANNING D:1-11
  4248 | D:4      | 4248 ||| FLEEEEING.
  4255 | D:4      | 4255 ||| FLEEEEING.
  4256 | D:4      | 4256 ||| FLEEEEING.
  4263 | D:4      | 4263 ||| FLEEEEING.
  4264 | D:4      | 4264 ||| FLEEEEING.
  4265 | D:4      | 4265 ||| FLEEEEING.
  4266 | D:4      | 4266 ||| FLEEEEING.
  4267 | D:4      | 4267 ||| STAIRDANCE
  4495 | D:4      | 4495 ||| Stepping ~*~*~tactically~*~*~ (stealth).
  4517 | D:4      | 4517 ||| Stepping ~*~*~tactically~*~*~ (hiding).
  4525 | D:4      | Reached skill level 7 in Axes
  4587 | D:4      | 4587 ||| DROPPING +0 mace.
  4668 | D:4      | Found a glowing silver altar of Zin.
  4669 | D:4      | Found a blossoming altar of Fedhas.
  5014 | D:5      | Entered Level 5 of the Dungeon
  5015 | D:5      | Found a burning altar of Makhleb.
  5097 | D:5      | Reached skill level 1 in Throwing
  5105 | D:5      | Reached XP level 8. HP: 37/49 MP: 8/8
  5111 | D:5      | HP: 8/49 [acid (10)]
  5112 | D:5      | Splashed by a jelly's acid

Levels and vault maps discovered:
D:1:      giann_wishing_wells, layout_basic, serial_shops, shop,
          hellmonk_ecumenical_altar_prayer_group
D:2:      layout_loops_ring, minmay_close_crescents, uniq_natasha, uniq_terence,
          uniq_crazy_yiuf_cottage
D:3:      layout_loops_cross, gammafunk_ghost_split, kennysheep_generic_room_8
D:4:      layout_loops_ring, mainiacjoe_overflow_tiny_flanked,
          gammafunk_temple_overflow_statue, nicolae_ossuary_entry_plus
D:5:      layout_gridville, nicolae_overflow_hidden_temple,
          overflow_temple_1_default, mainiacjoe_overflow_swirl,
          lemuel_temple_firewalk_b, uniq_menkaure

Skill      XL: |  1  2  3  4  5  6  7 |
---------------+----------------------+-----
Axes           | 2 3 4 5 6 7 |  7.6
Fighting       | 4 5 |  5.0
Dodging        | 1 |  1.0
Throwing       | 1 |  1.3
Armour         | |  3.2
Shields        | |  3.2

Action                   |  1- 3 |  4- 6 |  7- 9 || total
-------------------------+-------+-------+-------++-------
Melee: War axe           |    93 |   132 |    62 ||   287
Throw: Boomerang         |       |       |     2 ||     2
  Use: Scroll            |     1 |     5 |       ||     6
       Potion            |       |     3 |     1 ||     4
Armor: Scale mail        |    46 |     6 |       ||    52
       Chain mail        |       |    46 |    33 ||    79
Dodge: Dodged            |    45 |    41 |    21 ||   107
Block: Buckler           |    29 |    51 |    31 ||   111
       Reflection        |       |     4 |       ||     4

Table legend:
 A = Non-vault XP
 B = Vault XP
 C = Vault XP percentage of total XP
 D = Non-vault monster count
 E = Vault monster count
 F = Vault count percentage of total count
                 A         B        C        D         E       F
            +---------+---------+-------+---------+---------+-------
      Total |    1358 |      80 |   5.6 |      91 |       7 |   7.1
            +---------+---------+-------+---------+---------+-------
        D:1 |      41 |       3 |   6.8 |      23 |       2 |   8.0
        D:2 |      93 |      73 |  44.0 |      15 |       3 |  16.7
        D:3 |      61 |       4 |   6.2 |       9 |       2 |  18.2
        D:4 |     793 |       0 |   0.0 |      31 |       0 |   0.0
        D:5 |     370 |       0 |   0.0 |      13 |       0 |   0.0
            +---------+---------+-------+---------+---------+-------
